 Dungeon Crawl Stone Soup version 0.28.0-47-ge53b351184 (webtiles) character file.

Game seed: 17237057197786464648

33 101zpm the Magician (level 3, -2/25 HPs)
             Began as a Djinni Fire Elementalist on May 7, 2022.
             Engulfed by a cloud of flame (6 damage)
             ... on level 3 of the Dungeon.
             The game lasted 00:02:47 (2148 turns).

101zpm the Magician (Djinni Fire Elementalist)      Turns: 2148, Time: 00:02:47

Health: -2/25      AC:  2    Str:  7    XL:     3   Next: 47%
Gold:   56         EV: 12    Int: 18    God:
                   SH:  0    Dex: 13

rFire   + + .      SeeInvis .   (no weapon)
rCold   x . .      Faith    .   (no shield)
rNeg    . . .      Spirit   .   a - +0 robe
rPois   ∞          Reflect  .   (no helmet)
rElec   .          Harm     .   e - scarf {shadows}
rCorr   .          Rampage  .   (no gloves)
Will    .....                   (boots unavailable)
Stlth   +.........              (no amulet)
HPRegen 0.08/turn               (no ring)
MPRegen 0.00/turn               (no ring)

@: confused, flying, very slightly contaminated
A: sickness immunity, fire resistance 2, cold vulnerability 1, float, innate
caster, HP casting, extra vitality 1
a: no special abilities


You were on level 3 of the Dungeon.
You visited 1 branch of the dungeon, and saw 3 of its levels.

You collected 56 gold pieces.

Inventory:

Armour
 a - a +0 robe (worn)
 e - a scarf of shadows (worn)
Scrolls
 b - 3 scrolls of identify {unknown}
 d - a scroll of magic mapping {unknown}
Potions
 c - a potion of curing {unknown}


   Skills:
 + Level 2.4 Dodging
 + Level 1.7 Stealth
 + Level 3.2 Spellcasting


You couldn't memorise any spells.
You knew the following spells:

 Your Spells              Type           Power      Damage    Failure   Level
a - Foxfire               Conj/Fire      56%        2x1d6     4%          1
b - Scorch                Fire           28%        2d6       6%          2
c - Conjure Flame         Conj/Fire      14%        6-21      13%         3
d - Inner Flame           Hex/Fire       14%        N/A       13%         3
e - Flame Wave            Conj/Fire      14%        2d6       38%         4
f - Summon Small Mammal   Summ           56%        N/A       4%          1
Your spell library was empty.

Dungeon Overview and Level Annotations

Branches:
Dungeon (3/15)

Altars:


Innate Abilities, Weirdness & Mutations

You are immune to sickness and miasma.
You are immune to poison.
Your flesh is very heat resistant. (rF++)
You are vulnerable to cold. (rC-)
You float through the air rather than walking.
You learn spells naturally, not from books.
Your magical power is your life essence.
You have superior vitality. (+4 MHP)


Message History

Confirm with . or Enter, or press ? or * to list all spells.
Flames lash the giant cockroach.
You kill the giant cockroach!
The foxfire hits something.
An orc comes into view. It is wielding a +0 short sword.
Casting: Scorch (safe; 6% risk of failure)
Confirm with . or Enter, or press ? or * to list all spells.
The spell is quite dangerous to miscast (13% risk of failure)!
Continue anyway?
Aiming: Inner Flame (quite dangerous; 13% risk of failure)
Press: ? - help, Dir - move target, f - orc
Aim: an orc, wielding a +0 short sword and wearing a +0 robe (chance to affect: 81%)
The orc is filled with an inner flame.
Your bat hits the orc but does no damage.
Your foxfire dissipates!
Casting: Inner Flame (quite dangerous; 13% risk of failure)
Confirm with . or Enter, or press ? or * to list all spells.
You miscast Scorch.
You are very lightly contaminated with residual magic.
Nothing appears to happen.
Your bat closely misses the orc.
The orc wizard gestures at you while chanting.
Casting: Foxfire (safe; 4% risk of failure)
Press: ? - help, Q - select action, (/) - cycle Dir - look around, f - activate You conjure some foxfire!
Your bat hits the orc wizard but does no damage.
A puff of flame appears from out of thin air!
The orc wizard mumbles some strange words.
The orc wizard flickers and vanishes!
Found a stone staircase leading down.
The foxfire hits the orc.
Flame seeps out of the orc.
The orc is lightly wounded.
The orc is engulfed in blazing flames.
The orc explodes!
You are confused.
You hear a shout!
You hear an angry hiss.
You hear a bark!
You're too confused to cast spells.
You're too confused to cast spells.
You are engulfed in blazing flames.
You resist.
* * * LOW HITPOINT WARNING * * *
You're too confused to move!
You are engulfed in blazing flames.
You resist.
You die...

#. .# ##.#.#
...># ##...#
.§§§
######°###
.....§@§.#
..####.#.#
#.#.# #...
#.#.#
..#'#####.#.#
.......##.#.#
....(..+..#.#
#..#
......##.#.#
#..#
#......#.#
#..#


There were no monsters in sight!

Vanquished Creatures
  An adder (D:3)
  An orc (D:3)
  3 ball pythons (D:1)
  2 endoplasms (D:1)
  3 giant cockroaches
  3 goblins (D:1)
  3 hobgoblins
  A kobold (D:1)
  2 bats (D:1)
  A frilled lizard (D:1)
20 creatures vanquished.

Vanquished Creatures (others)
  102 foxfires
102 creatures vanquished.

Grand Total: 122 creatures vanquished

Notes
Turn   | Place    | Note
-------+----------+-------------------------------------------
     0 | D:1      | 101zpm the Djinni Fire Elementalist began the quest for the
                  | Orb.
     0 | D:1      | Reached XP level 1. HP: 15/15 MP: 0/0
   413 | D:1      | Reached XP level 2. HP: 16/21 MP: 0/0
  1298 | D:1      | Found a faded altar of an unknown god.
  1697 | D:2      | Reached skill level 3 in Spellcasting
  1792 | D:3      | Reached XP level 3. HP: 21/25 MP: 0/0
  1792 | D:3      | Learned a level 1 spell: Summon Small Mammal
  2148 | D:3      | Engulfed by a cloud of flame

Illustrated notes

Levels and vault maps discovered:
D:1:      shiori_shiawase, layout_basic, dreamdust_ecumenical_altar_statues,
          corexii_corridor_pit
D:2:      layout_loops_ring, uniq_terence, uniq_jessica
D:3:      layout_basic

Skill      XL: |  1  2 |
---------------+-------+-----
Spellcasting   | 3 |  3.2
Dodging        | |  2.4
Stealth        | |  1.7

Action                   || total
-------------------------++-------
 Cast: Foxfire           ||    69
       Scorch            ||     9
       Summon Small Mamm ||     3
       Inner Flame       ||     2
Armor: Robe              ||     1
